cohdb
Replays
Latest Replays
All Replays
Popular Replays
Top Player Replays
Match Explorer
How It Works
Community
CoH3 Stats
Reddit
Sign in to upload your games and track your stats! →
Sign in with Steam
DAK Protoss vs Brit Zerg but with Zerg units > Protoss
Match 11704548
Overview
Messages
Build Orders
End
Panzergrenadier Squad
Panzergrenadier Squad
Panzerpioneer Squad
Construct Light Support Kompanie
MG34 Team
Fire Support Elements
Combat Half-tracks
Panzerjäger Mechanized Group
Flakvierling Half-track
2.5-tonne Medical Truck
Pak 38 Anti-tank Gun Team
Veteran Squad Leaders
Selects Armored Suppot Battlegroup
Selects Veteran Gunners
Selects Vehicle Awareness
Selects Panzer Storm
Construct Panzerarmee Kommand
Selects Stuka Anti-tank Loiter
Panzer III L Medium Tank
Panzerpioneer Squad
Walking Stuka Rocket Launcher
Pak 38 Anti-tank Gun Team
Panzer III L Medium Tank
Stuka Anti-tank Loiter
Panzer III L Medium Tank
Panzer III L Medium Tank
Panzerpioneer Squad
Stuka Anti-tank Loiter
Panzer III L Medium Tank
Assault Mechanized Group
Panzer III L Medium Tank
Rapid Advance
Vehicle Survival Package
Tungsten Core Ammunition
Esxile
Slimey1
0
0
Comments
sign in to comment!
No comments posted yet!